 Dungeon Crawl Stone Soup version 0.27.1-35-g4d5d836560 (webtiles) character file.

Game seed: 10214798033223698274

246 Delamore the Sneak (level 6, -4/39 HPs)
             Began as an Octopode Brigand on May 16, 2022.
             Slain by an ice beast (13 damage)
             ... on level 6 of the Dungeon.
             The game lasted 00:02:09 (2442 turns).

Delamore the Sneak (Octopode Brigand)               Turns: 2442, Time: 00:02:10

Health: -4/39      AC:  1    Str: 10    XL:     6   Next: 11%
Magic:  6/6        EV: 13    Int: 13    God:
Gold:   114        SH:  0    Dex: 16    Spells: 5/5 levels left

rFire    . . .     SeeInvis .   a - +2 dagger
rCold    . . .     Faith    .   (no shield)
rNeg     . . .     Spirit   .   (helmet restricted)
rPois    .         Reflect  .   (no amulet)
rElec    .         Harm     .   (no ring)
rCorr    .         Rampage  .   (no ring)
Will     .....                  (no ring)
Stlth    ++++......             (no ring)
HPRegen  0.13/turn              (no ring)
MPRegen  0.10/turn              (no ring)
                                (no ring)
                                (no ring)

@: no status effects
A: almost no armour, amphibious, 8 rings, camouflage 1, gelatinous body 1,
(nimble swimmer 1), tentacles
a: no special abilities


You were on level 6 of the Dungeon.
You visited 1 branch of the dungeon, and saw 4 of its levels.

You collected 114 gold pieces.

Inventory:

Hand Weapons
 a - a +2 dagger (weapon)
Missiles
 b - 25 poisoned darts (quivered)
Scrolls
 k - a scroll of amnesia
Potions
 d - a potion of resistance
 e - a potion of cancellation {unknown}
 f - a potion of curing {unknown}
 g - a potion of brilliance {unknown}
 h - a potion of haste {unknown}


   Skills:
 - Level 2.0 Fighting
 * Level 5.0 Short Blades
 + Level 3.6 Throwing
 - Level 1.0 Dodging
 - Level 6.0 Stealth


You had 5 spell levels left.
You didn't know any spells.
Your spell library contained the following spells:

 Spells                   Type           Power      Damage    Failure   Level
 Sublimation of Blood     Necr           0%         N/A       43%         2
 Wereblood                Tmut           0%         N/A       43%         2
 Summon Hydra             Summ           0%         N/A       100%        7


Dungeon Overview and Level Annotations

Branches:
Dungeon (3/15)

Altars:
Kikubaaqudgha


Innate Abilities, Weirdness & Mutations

You cannot wear most types of armour.
You are amphibious.
You can wear up to eight rings at the same time.
Your skin changes colour to match your surroundings (Stealth+).
Your rubbery body absorbs attacks. (AC +1, EV +1)
((You are camouflaged near water. (Stealth+)))
You have tentacles for arms and can constrict up to eight enemies at once.


Message History

The ice beast is lightly wounded.
The ice beast barely misses you.
You closely miss the ice beast. You squeeze the ice beast!
The ice beast is heavily wounded.
The ice beast closely misses you.
You hit the ice beast but do no damage.
The ice beast is heavily wounded.
You hit the ice beast but do no damage.
The ice beast is heavily wounded.
The ice beast misses you.
You hit the ice beast but do no damage.
The ice beast is heavily wounded.
The ice beast barely misses you.
You closely miss the ice beast.
The ice beast is heavily wounded.
The ice beast misses you.
You closely miss the ice beast.
The ice beast is heavily wounded.
The ice beast hits you but does no damage.
You hit the ice beast.
The ice beast is severely wounded.
You hit the ice beast.
The ice beast is severely wounded.
The ice beast hits you. The ice beast freezes you.
You hit the ice beast but do no damage.
The ice beast is severely wounded.
The ice beast hits you. The ice beast freezes you!
You are too injured to fight recklessly!
You are too injured to fight recklessly!
You barely miss the ice beast. Your squeeze misses the ice beast.
The ice beast is severely wounded.
The ice beast barely misses you.
You closely miss the ice beast.
The ice beast is severely wounded.
You barely miss the ice beast.
The ice beast is severely wounded.
The ice beast hits you.
* * * LOW HITPOINT WARNING * * *
The ice beast freezes you!
You die...

........#
#..............#
#......##
#........n.....#
###....# #......(......#
.####### ...<..........#
...### #.............#
##...##### #...)......#
##......#######........#
#...l#.......####....##
#..oh########.@Y...###
##...# ######......
##...# #####. ##....#
##.....# #......#
.......# .......#
.......#


You could see an ice beast.

Vanquished Creatures
  A centaur (D:6)
  A scorpion (D:3)
  2 adders (D:2)
  2 worms
  2 orcs (D:3)
  2 endoplasms
  4 giant cockroaches
  3 goblins
  4 hobgoblins
  4 kobolds
  A quokka (D:1)
  4 ball pythons
  2 bats
  2 frilled lizards (D:1)
  6 rats
40 creatures vanquished.

Vanquished Creatures (collateral kills)
  A phantom (D:6)
1 creature vanquished.

Grand Total: 41 creatures vanquished

Notes
Turn   | Place    | Note
-------+----------+-------------------------------------------
     0 | D:1      | Delamore the Octopode Brigand began the quest for the Orb.
     0 | D:1      | Reached XP level 1. HP: 14/14 MP: 1/1
   251 | D:1      | Reached XP level 2. HP: 9/19 MP: 2/2
   542 | D:1      | Found a faded altar of an unknown god.
  1203 | D:2      | Reached XP level 3. HP: 16/24 MP: 3/3
  1362 | D:2      | Found an ancient bone altar of Kikubaaqudgha.
  2036 | D:3      | Reached XP level 4. HP: 24/29 MP: 4/4
  2277 | D:3      | Noticed a scorpion
  2285 | D:3      | Killed a scorpion
  2286 | D:3      | Reached skill level 6 in Stealth
  2286 | D:3      | Reached XP level 5. HP: 34/34 MP: 5/5
  2301 | D:3      | You fall into a shaft and drop 3 floors!
  2358 | D:6      | Noticed a phantom
  2379 | D:6      | Killed a phantom
  2418 | D:6      | Noticed a necrophage
  2419 | D:6      | Noticed a centaur
  2419 | D:6      | Noticed an ice beast
  2421 | D:6      | Killed a centaur
  2422 | D:6      | Reached skill level 5 in Short Blades
  2422 | D:6      | Reached XP level 6. HP: 39/39 MP: 6/6
  2442 | D:6      | Slain by an ice beast

Illustrated notes

Levels and vault maps discovered:
D:1:      dpeg_arrival_houses_and_road, layout_loops_ring,
          ebering_ecumenical_altar_petrified, minmay_misc_feat_diagonals
D:2:      layout_basic, basic_altar, chequers_serial_rivers_large_b, hex_medium,
          minmay_pentomino_o4
D:3:      layout_basic, guppyfry_early_lair_pool
D:6:      layout_cave_pods, trog_hazing_becter, kennysheep_generic_room_9,
          uniq_crazy_yiuf_cottage

Skill      XL: |  1  2  3  4  5 |
---------------+----------------+-----
Short Blades   | 3 4 5 |  5.0
Throwing       | 3 |  3.6
Stealth        | 6 |  6.0
Fighting       | |  2.0
Dodging        | |  1.0

Action                   |  1- 3 |  4- 6 || total
-------------------------+-------+-------++-------
Melee: Dagger            |    61 |    27 ||    88
       Constrict         |    13 |     3 ||    16
       Tentacles         |     5 |     2 ||     7
Throw: Dart              |     7 |     6 ||    13
  Use: Scroll            |       |     3 ||     3
 Stab: Sleeping          |    14 |     2 ||    16
Armor: Skin              |     2 |     3 ||     5
Dodge: Dodged            |    23 |    14 ||    37
